 Dungeon Crawl Stone Soup version 0.18.1-50-g88ac8fd (webtiles) character file.

8766 varam the Spear-Bearer (level 11, -11/85 (86) HPs)
             Began as a Merfolk Skald on Oct 12, 2016.
             Was a High Priest of Okawaru.
             Mangled by an eight-headed hydra (13 damage)
             ... on level 2 of the Lair of Beasts.
             The game lasted 01:10:55 (14497 turns).

varam the Spear-Bearer (Merfolk Skald)             Turns: 14497, Time: 01:10:56

HP:   -11/85 (86)   AC: 15    Str: 14    XL:     11   Next: 36%
MP:   18/21         EV: 19    Int: 11    God:    Okawaru [*****.]
Gold: 573           SH:  0    Dex: 18    Spells: 4 memorised, 15 levels left

rFire  + . .     SeeInvis .     w - +2 trident (pierce)
rCold  + . .     Gourm    .     T - +0 robe {rC+ rF+}
rNeg   . . .     Faith    .     (no shield)
rPois  .         Spirit   .     B - +2 helmet
rElec  .         Dismiss  .     I - +0 cloak
rCorr  .         Reflect  .     e - +0 pair of gloves
SustAt .         Harm     .     (no boots)
MR     .....                    v - amulet of magic regeneration
Stlth  ++........               J - +4 ring of dexterity
                                (no ring)

@: icy armour, infused, slow, not resistant to hostile enchantments, unstealthy
A: change form in water, swift swim, slimy green scales 1, weak 1, subdued magic
1
a: Heroism, Finesse, Renounce Religion


You were on level 2 of the Lair of Beasts.
You worshipped Okawaru.
Okawaru was extremely pleased with you.
You were not hungry.

You visited 2 branches of the dungeon, and saw 13 of its levels.

You collected 573 gold pieces.

Inventory:

Hand Weapons
 w - a +2 trident of piercing (weapon)
 x - the +11 shortbow of Discomfort {venom, rElec Int+5}
   (You found it on level 2 of the Lair of Beasts)

   It poisons the ammo it fires.
   It affects your intelligence (+5).
   It insulates you from electricity.
Missiles
 k - 42 stones (quivered)
 W - 46 arrows
Armour
 e - a +0 pair of gloves (worn)
 B - a +2 helmet (worn)
 I - a +0 cloak (worn)
 T - a +0 robe of resistance (worn)
 X - a cursed +0 leather armour
Jewellery
 v - an amulet of magic regeneration (around neck)
 J - a +4 ring of dexterity (right hand)
Wands
 l - a wand of flame (8/48)
 n - a wand of teleportation (4/9)
 G - a wand of confusion (20/48)
 K - a wand of lightning (11/15)
 N - a wand of iceblast (6/15)
 O - a wand of slowing (9/48)
 Q - a wand of paralysis (15/24)
Scrolls
 a - a scroll of holy word
 b - a scroll of amnesia
 f - 3 scrolls of remove curse
 i - a scroll of noise
 o - 4 scrolls of immolation
 t - 3 scrolls of enchant weapon
 y - 2 scrolls of recharging
 C - a scroll of fog
 F - 2 scrolls of enchant armour {unknown}
 M - a scroll of fear
 S - 2 scrolls of blinking
Potions
 g - 2 potions of ambrosia {unknown}
 h - 2 potions of curing
 m - 2 potions of haste {unknown}
 r - 5 potions of lignification
 u - 2 potions of degeneration {unknown}
 z - 4 potions of cure mutation {unknown}
 H - 3 potions of berserk rage {unknown}
 L - 2 potions of agility {unknown}
 P - a potion of flight {unknown}
 R - a potion of might {unknown}
 U - a potion of brilliance {unknown}
 V - 2 potions of heal wounds
Books
 c - a book of Battle

   Spells                             Type                      Level
   a - Infusion                       Charms                       1
   b - Shroud of Golubria             Charms/Translocation         2
   c - Song of Slaying                Charms                       2
   d - Spectral Weapon                Hexes/Charms                 3
   e - Regeneration                   Charms/Necromancy            3
 j - the Collected Works on Destructive Evil
   (You found it on level 1 of the Lair of Beasts)

   Spells                             Type                      Level
   a - Sticky Flame                   Conjuration/Fire             4
   b - Bolt of Draining               Conjuration/Necromancy       5
   c - Dispel Undead                  Necromancy                   5
   d - Conjure Ball Lightning         Conjuration/Air              6
 D - a book of Debilitation

   Spells                             Type                      Level
   a - Corona                         Hexes                        1
   b - Slow                           Hexes                        2
   c - Gell's Gravitas                Hexes/Translocation          3
   d - Inner Flame                    Hexes/Fire                   3
   e - Cause Fear                     Hexes                        4
   f - Leda's Liquefaction            Hexes/Earth                  4
 E - a book of Frost

   Spells                             Type                      Level
   a - Freeze                         Ice                          1
   b - Throw Frost                    Conjuration/Ice              2
   c - Ozocubu's Armour               Charms/Ice                   3
   d - Throw Icicle                   Conjuration/Ice              4
   e - Summon Ice Beast               Ice/Summoning                4
Comestibles
 d - 5 fruits
 p - a beef jerky
 q - 4 meat rations
 A - 4 slices of pizza


   Skills:
 + Level 7.8 Fighting
 + Level 10.2 Polearms
 * Level 0.4 Bows
 - Level 0.6 Armour
 + Level 9.0 Dodging
 + Level 7.3 Spellcasting
 + Level 7.4 Charms
 - Level 2.0 Necromancy
 + Level 4.0 Translocations
 - Level 4.8 Ice Magic
 * Level 3.5 Invocations


You had 15 spell levels left.
You knew the following spells:

 Your Spells              Type           Power        Failure   Level  Hunger
a - Infusion              Chrm           ###.         1%          1    None
e - Shroud of Golubria    Chrm/Tloc      ##........   1%          2    #......
r - Ozocubu's Armour      Chrm/Ice       ##......     4%          3    ###....
z - Regeneration          Chrm/Necr      ##........   8%          3    ###....


Dungeon Overview and Level Annotations

Branches:
Dungeon (10/15)            Temple (0/1) D:7            Lair (3/8) D:9
  Swamp: Lair:3-6    Shoals: Lair:3-6     Snake: Lair:3-6    Spider: Lair:3-6
    Orc: D:9-12

Altars:
Makhleb
Okawaru
Pakellas
Qazlal
Sif Muna
Vehumet
Xom
Yredelemnul
The Shining One

Shops:
D:4 (!*=   D:7 [


Innate Abilities, Weirdness & Mutations

You revert to your normal form in water.
You are very nimble and swift while swimming.
You are partially covered in slimy green scales (AC +2).
You are weak. (Str -2)
Your spells are a little easier to cast, but a little less powerful.


Message History

There is a stone staircase leading up here.
The eight-headed hydra bites you!
The eight-headed hydra completely misses you.
The eight-headed hydra misses you. The eight-headed hydra bites you.
The eight-headed hydra completely misses you.
The eight-headed hydra bites you!
* * * LOW HITPOINT WARNING * * *
The eight-headed hydra bites you but does no damage.
The eight-headed hydra bites you.
* * * LOW HITPOINT WARNING * * *
You climb upwards.
There is a stone staircase leading down here.
You hear a distant blaring wail to the northwest.
You feel like a meek peon again.
Read which item? (? for menu, Esc to quit)
Okay, then.
The eight-headed hydra misses you. The eight-headed hydra bites you!
* * * LOW HITPOINT WARNING * * *
The eight-headed hydra bites you!
You die...

#........##......#.###
.........##P>....#...#
P.......#####..PP##..#
#........# ##.......#
##P.P.##.# ##.#.PP##
##..##### #.....###
##.P'##########.##..#.##
........#.#P##...D.....#
........##......@.....##
.........<.###.......##
........+..# ##......#
........P### ##......#
#######..# #.......##
#### ###.#.P#.# ########


You could see an eight-headed hydra.

Vanquished Creatures
  Pikel (D:6)
  Joseph (D:7)
  3 spiny frogs
  2 komodo dragons (Lair:1)
  Grinder (D:3)
  5 yaks
  2 hippogriffs
  A basilisk (Lair:1)
  A hungry ghost (D:9)
  Menkaure (D:5)
  7 porcupines
  4 water moccasins
  2 sky beasts
  A slave (D:6)
  4 orc warriors
  3 ogres
  A phantom (D:4)
  A wasp (D:8)
  2 necrophages
  3 centaurs
  A crocodile (D:6)
  9 giant frogs
  5 scorpions
  3 howler monkeys
  3 wights (D:6)
  An electric eel (Lair:1)
  2 crimson imps
  2 quasits
  6 hounds
  2 jellies
  2 orc priests
  10 orc wizards
  A centaur skeleton (D:4)
  A giant frog skeleton (D:10)
  Jessica (D:3)
  3 iguanas
  5 worker ants
  A hound zombie (D:3)
  2 hound skeletons (D:5)
  Robin (D:2)
  A gnoll (D:1)
  A howler monkey skeleton (D:6)
  8 river rats
  15 adders
  4 shadow imps
  3 oozes
  An adder skeleton (D:4)
  A worm (D:4)
  2 dart slugs
  11 giant geckos
  27 orcs
  2 ball pythons
  4 bats
  4 giant cockroaches
  2 gnoll zombies (D:7)
  11 goblins
  14 hobgoblins
  7 jackals
  4 kobolds
  4 quokkas
  A giant gecko skeleton (D:4)
  3 giant newts
  A quokka skeleton (D:4)
  A quokka zombie (D:5)
  5 rats
244 creatures vanquished.

Vanquished Creatures (others)
  An ooze (D:6)
  2 orcs (D:6)
  A plant (Lair:2)
4 creatures vanquished.

Grand Total: 248 creatures vanquished

Notes
Turn   | Place    | Note
--------------------------------------------------------------
     0 | D:1      | varam the Merfolk Skald began the quest for the Orb.
     0 | D:1      | Reached XP level 1. HP: 16/16 MP: 3/3
   282 | D:1      | Reached XP level 2. HP: 23/23 MP: 1/5
   286 | D:1      | Learned a level 2 spell: Shroud of Golubria
   547 | D:1      | Reached skill level 4 in Polearms
   959 | D:2      | Noticed Robin
   999 | D:1      | Reached XP level 3. HP: 15/28 MP: 1/6
  1784 | D:3      | Reached skill level 5 in Polearms
  1784 | D:3      | Reached XP level 4. HP: 32/34 MP: 1/7
  2232 | D:2      | Killed Robin
  2232 | D:2      | Reached skill level 1 in Translocations
  2542 | D:2      | Reached XP level 5. HP: 38/41 MP: 1/8
  3209 | D:4      | Found a radiant altar of Vehumet.
  3213 | D:4      | Found an oddly glowing altar of Pakellas.
  3214 | D:4      | Found a deep blue altar of Sif Muna.
  3247 | D:4      | Found Raumoras's Distillery.
  3248 | D:4      | Found Yfoiffof's Jewellery Boutique.
  3369 | D:4      | Found Reekebol's Weapon Emporium.
  3444 | D:5      | Entered Level 5 of the Dungeon
  3457 | D:5      | Found an oddly glowing altar of Pakellas.
  3494 | D:5      | Reached XP level 6. HP: 40/47 MP: 9/9
  3921 | D:5      | Reached XP level 7. HP: 31/52 MP: 5/11
  3988 | D:3      | Noticed Grinder
  4239 | D:3      | Killed Grinder
  4250 | D:3      | Reached skill level 5 in Dodging
  4479 | D:3      | Noticed Jessica
  4487 | D:3      | Killed Jessica
  4957 | D:4      | Found Izxullan's General Store.
  5052 | D:4      | Reached XP level 8. HP: 42/60 MP: 5/13
  5684 | D:4      | Reached skill level 6 in Polearms
  5957 | D:6      | Found an iron altar of Okawaru.
  5960 | D:6      | Became a worshipper of Warmaster Okawaru
  5992 | D:6      | Noticed Pikel
  6348 | D:5      | Noticed Menkaure
  6369 | D:5      | Reached skill level 5 in Fighting
  6374 | D:5      | Killed Menkaure
  6757 | D:7      | Found a staircase to the Ecumenical Temple.
  6777 | D:7      | Reached XP level 9. HP: 47/67 MP: 5/15
  6976 | D:7      | Learned a level 3 spell: Ozocubu's Armour
  6977 | D:7      | Found a stormy altar of Qazlal.
  7061 | D:7      | Found a glowing golden altar of the Shining One.
  7386 | D:7      | Noticed Joseph
  7404 | D:7      | Killed Joseph
  7404 | D:7      | Reached * piety under Okawaru
  7404 | D:7      | Reached skill level 7 in Polearms
  7763 | D:7      | Found Umemob's Antique Armour Boutique.
  7979 | D:7      | Found a basalt altar of Yredelemnul.
  8031 | D:6      | Reached skill level 5 in Charms
  8207 | D:8      | Reached skill level 1 in Ice Magic
  8442 | D:8      | Reached skill level 5 in Spellcasting
  9079 | D:8      | Found a shimmering altar of Xom.
  9355 | D:6      | Killed Pikel
  9355 | D:6      | Reached ** piety under Okawaru
  9355 | D:6      | Reached skill level 8 in Polearms
  9355 | D:6      | Reached XP level 10. HP: 76/76 MP: 12/18
 10094 | D:9      | Found a burning altar of Makhleb.
 10221 | D:9      | Gained mutation: Your spells are a little easier to cast, but a little less powerful. [mutagenic meat]
 10222 | D:9      | Gained mutation: You are weak. (Str -2) [mutagenic meat]
 10223 | D:9      | Gained mutation: You are robust (+10% HP). [mutagenic meat]
 10225 | D:9      | Gained mutation: You are partially covered in slimy green scales (AC +2). [mutagenic meat]
 10226 | D:9      | Lost mutation: You are robust (+10% HP). [mutagenic meat]
 10324 | D:9      | Found a staircase to the Lair.
 10332 | D:9      | Reached *** piety under Okawaru
 10565 | D:9      | Reached skill level 9 in Polearms
 10608 | D:9      | Learned a level 3 spell: Regeneration
 11299 | D:10     | Entered Level 10 of the Dungeon
 11655 | D:10     | Reached skill level 1 in Necromancy
 11766 | D:10     | Reached **** piety under Okawaru
 12032 | D:10     | Noticed a hill giant
 12060 | Lair:1   | Entered Level 1 of the Lair of Beasts
 12080 | Lair:1   | Identified the Collected Works on Destructive Evil
 12175 | Lair:1   | Reached skill level 1 in Invocations
 12466 | Lair:1   | Reached XP level 11. HP: 65/83 MP: 10/21
 13012 | Lair:1   | Reached skill level 10 in Polearms
 14026 | Lair:2   | Reached ***** piety under Okawaru
 14031 | Lair:2   | Got a polished shortbow
 14032 | Lair:2   | Identified the +11 shortbow of Discomfort {venom, rElec Int+5} (You found it on level 2 of the Lair of Beasts)
 14438 | Lair:3   | Noticed an eight-headed hydra
 14497 | Lair:2   | HP: 2/85 [eight-headed hydra (7)]
 14497 | Lair:2   | Mangled by an eight-headed hydra

Skill      XL: |  1  2  3  4  5  6  7  8  9 10 11 |
---------------+----------------------------------+-----
Polearms       | 4 5 6 8 9 10 | 10.2
Fighting       | 3 4 5 6 7 |  7.8
Dodging        | 2 3 4 5 7 8 9 |  9.0
Translocations | 1 2 3 4 |  4.0
Charms         | 4 5 7 |  7.4
Spellcasting   | 3 4 5 7 |  7.3
Ice Magic      | 4 |  4.8
Necromancy     | 1 2 |  2.0
Invocations    | 1 3 |  3.5
Bows           | |  0.4
Armour         | |  0.6

Action                   |  1- 3 |  4- 6 |  7- 9 | 10-12 || total
-------------------------+-------+-------+-------+-------++-------
Melee: Spear             |    99 |   228 |   169 |       ||   496
       Dagger            |       |   114 |       |       ||   114
       Trident           |       |       |   264 |   461 ||   725
       Tailslap          |       |       |     3 |    22 ||    25
       Punch             |       |       |       |     1 ||     1
 Fire: Shortbow          |       |       |       |     3 ||     3
 Cast: Infusion          |     7 |    19 |    33 |    41 ||   100
       Shroud of Golubri |       |     4 |    14 |    28 ||    46
       Ozocubu's Armour  |       |       |       |    20 ||    20
       Regeneration      |       |       |       |    10 ||    10
Invok: Heroism           |       |       |       |     4 ||     4
Evoke: Wand              |       |       |       |     2 ||     2
  Use: Scroll            |       |     3 |    10 |     4 ||    17
       Potion            |       |     2 |     1 |       ||     3
 Stab: Sleeping          |       |       |       |     2 ||     2
  Eat: Chunk             |     3 |     4 |    11 |    17 ||    35
       Bread ration      |       |     1 |     1 |     2 ||     4
       Fruit             |       |       |     4 |     1 ||     5
Armor: Leather armour    |    13 |       |       |       ||    13
       Ring mail         |    20 |   154 |   126 |    13 ||   313
       Robe              |       |       |       |    91 ||    91
Dodge: Dodged            |    34 |   225 |   287 |   375 ||   921
